AoeStats
← CJ833442

Arabia

509410714Analyzed
2v2 RM · 5d ago on Sep 26, 2026· 56m 17s· 4 players
Game mode
Random Map
Map size
Medium (4 player)
Population
200
Speed
Normal
Resources
Standard
Victory
Conquest
Starting age
Dark Age
Ending age
Imperial Age
RankedLock teamsTeams togetherTeam positionsShared explorationLock speedFull tech treeHidden civsTurbo modeCheats
Victory
Defeat
🇺🇸 Mongols · United States
980
+16
🇨🇱 Khmer · Chile
957
+17
🇦🇷 Mongols · Argentina
986
-17
🇦🇷 Vietnamese · Argentina
978
-16
CAPITÁN PERRO
0:26 Loom
9:05 Feudal Age
9:47 Town Watch
10:52 Double-Bit Axe
11:46 Wheelbarrow
10:59 Horse Collar
19:48 Castle Age
19:36 Bloodlines
19:23 Gold Mining
21:03 Hand Cart
21:25 Husbandry
22:47 Heavy Plow
32:11 Town Patrol
32:03 Stone Mining
33:39 Bow Saw
38:16 Imperial Age
36:02 Scale Barding Armor
35:57 Scale Mail Armor
36:07 Forging
35:58 Padded Archer Armor
35:48 Fletching
38:26 Gold Shaft Mining
38:26 Stone Shaft Mining
38:09 Murder Holes
38:05 Heated Shot
38:35 Ballistics
38:37 Chain Barding Armor
40:22 Double Crossbow
41:37 Light Cavalry
44:03 Chemistry
47:53 Heavy Scorpion
53:01 Conscription
DressComic11760
7:07 Loom
11:38 Feudal Age
21:21 Castle Age
24:31 Town Watch
24:42 Double-Bit Axe
24:58 Stone Mining
26:18 Forging
28:20 Husbandry
31:27 Fletching
32:06 Bodkin Arrow
33:15 Padded Archer Armor
35:12 Ballistics
35:42 Thumb Ring
36:16 Leather Archer Armor
36:10 Elite Skirmisher
37:56 Town Patrol
52:51 Bow Saw
54:20 Horse Collar
55:49 Gold Mining
56:47 Wheelbarrow
56:27 Caravan
CJ833442
7:53 Loom
9:51 Feudal Age
15:53 Double-Bit Axe
19:09 Town Watch
22:03 Castle Age
22:12 Crossbowman
22:58 Thumb Ring
23:36 Squires
23:35 Pikeman
30:41 Horse Collar
38:37 Imperial Age
36:39 Bow Saw
43:17 Onager
44:11 Fletching
44:22 Padded Archer Armor
46:35 Town Patrol
46:47 Forging
49:39 Elite Steppe Lancer
53:39 Wheelbarrow
Manco de Elite
7:35 Loom
10:43 Feudal Age
11:35 Double-Bit Axe
16:46 Bloodlines
16:33 Horse Collar
17:55 Forging
22:28 Castle Age
21:33 Fletching
22:37 Padded Archer Armor
22:42 Elite Skirmisher
23:55 Bodkin Arrow
25:11 Wheelbarrow
24:16 Light Cavalry
25:05 Husbandry
26:23 Bow Saw
26:14 Heavy Plow
27:14 Hand Cart
27:32 Town Watch
28:19 Gold Mining
28:46 Leather Archer Armor
31:25 Thumb Ring
36:30 Imperial Age
38:01 Bracer
37:32 Imperial Skirmisher
39:40 Chemistry
41:11 Ballistics
42:39 Two-Man Saw
42:11 Crop Rotation
41:33 Stone Mining
42:14 Ring Archer Armor
Connection lost

Rejoining the realm…

Still unreachable

The connection could not be restored.

Session expired

The server has moved on; the page needs a fresh start.